 Dungeon Crawl Stone Soup version 0.27-a0-333-gfa571bf19a (webtiles) character file.

Game seed: 17575036560583519401

223 Nattfarinn the Sneak (level 6, 0/32 HPs)
             Began as a Kobold Enchanter on Feb 12, 2021.
             Slain by a bullfrog (7 damage)
             ... in a sewer.
             The game lasted 00:10:58 (3768 turns).

Nattfarinn the Sneak (Kobold Enchanter)             Turns: 3768, Time: 00:10:59

Health: 0/32       AC:  2    Str:  5    XL:     6   Next: 20%
Magic:  9/9        EV: 12    Int: 17    God:
Gold:   112        SH:  0    Dex: 17    Spells: 6/9 levels left

rFire    . . .     SeeInvis .   a - +1 dagger
rCold    . . .     Faith    .   (shield restricted)
rNeg     . . .     Spirit   .   b - +0 robe
rPois    .         Reflect  .   (no helmet)
rElec    .         Harm     .   (no cloak)
rCorr    .         Rampage  .   (no gloves)
Will     .....                  (no boots)
Stlth    +++++.....             (no amulet)
HPRegen  0.10/turn              (no ring)
MPRegen  0.11/turn              (no ring)

@: about to teleport, constricted
A: small, nightstalker 3
a: no special abilities


You were in a sewer.
You visited 1 branch of the dungeon, and saw 3 of its levels.
You also visited: Sewer.

You collected 112 gold pieces.

Inventory:

Hand Weapons
 a - a +1 dagger (weapon)
Armour
 b - a +0 robe (worn)
Scrolls
 c - 3 scrolls of identify {unknown}
 d - 2 scrolls of fog {unknown}
 f - 2 scrolls of teleportation
 i - a scroll of random uselessness {unknown}
 k - a scroll of fear {unknown}
Potions
 e - a potion of magic {unknown}
 g - a potion of flight
 h - 2 potions of curing {unknown}
 j - a potion of lignification {unknown}
 l - a potion of brilliance {unknown}
 m - a potion of heal wounds


   Skills:
 - Level 1.3 Short Blades
 - Level 2.4 Dodging
 * Level 7.8 Stealth
 - Level 2.1 Spellcasting
 + Level 4.4 Hexes


You had 6 spell levels left.
You knew the following spells:

 Your Spells              Type           Power        Failure   Level
a - Corona                Hex            17%          3%          1
b - Ensorcelled Hibernat  Hex/Ice        18%          12%         2

Your spell library contained the following spells:

 Spells                   Type           Power        Failure   Level
 Confusing Touch          Hex            16%          10%         3
 Tukima's Dance           Hex            16%          10%         3
 Dazzling Flash           Conj/Hex       18%          22%         3


Dungeon Overview and Level Annotations

Branches:
Dungeon (3/15)              Sewer (1/1)

Altars:
Sif Muna


Innate Abilities, Weirdness & Mutations

You are small and have problems with some larger weapons.
You are completely attuned to the shadows.


Message History

m - a potion of heal wounds
There is an open door here.
You enter the shallow water.
Moving in this stuff is going to be slow.
You enter the shallow water.
Moving in this stuff is going to be slow. 2 ball pythons and an adder come into view.
The ball python hisses angrily.
You hear an angry hiss. x2
You hear a loud, deep croak!
A ball python comes into view.
A frilled lizard comes into view.
A bullfrog comes into view. x2
The bullfrog gives a loud, deep croak!
You hear an angry hiss.
You hear a croak.
A ball python comes into view.
The ball python bites you but does no damage.
The ball python misses you.
The ball python moves out of view.
You hear an angry hiss.
The ball python barely misses you. x2; The bullfrog hits you.
The bullfrog barely misses you. The ball python misses you. x2
The ball python closely misses you. The ball python misses you.
The bullfrog barely misses you. The bullfrog completely misses you.
The ball python barely misses you. x2
A ball python comes into view.
The bullfrog hits you. The bullfrog hits you!
The bullfrog releases a deep croak.
The bullfrog barely misses you.
Okay, then.
As you read the scroll of teleportation, it crumbles to dust.
You feel strangely unstable.
The adder hisses angrily.
The bullfrog hits you. The bullfrog misses you.
The ball python barely misses you. The ball python grabs you.
The ball python constricts you. The ball python barely misses you.
The bullfrog hits you.
* * * LOW HITPOINT WARNING * * *
The ball python closely misses you.
The bullfrog releases a deep croak.
The bullfrog hits you!
You die...

###################
.#≈≈≈≈≈FS≈≈≈≈≈≈≈≈..###
.≈≈≈≈≈SS@.≈≈≈≈≈≈≈≈...##
.l≈≈≈≈SFS≈≈≈≈≈≈≈≈.....#
l.#≈≈≈≈≈≈≈≈≈≈≈≈≈≈≈....#
.≈≈≈≈≈≈≈≈≈≈≈≈≈≈≈.....##
.#≈≈≈≈≈≈≈≈≈≈≈≈≈≈≈......#
##################....#
####.†.## #..#....#
#..'....#


You could see 2 bullfrogs, an adder and 4 ball pythons.

Vanquished Creatures
  Jessica (D:2)
  Terence (D:2)
  4 adders
  6 river rats (Sewer)
  A worm (D:2)
  A dart slug (D:2)
  2 leopard geckos
  3 orcs (D:3)
  9 ball pythons (Sewer)
  9 giant cockroaches
  11 goblins
  2 hobgoblins
  3 kobolds
  A quokka (D:3)
  3 bats
  5 frilled lizards
  28 rats
90 creatures vanquished.

Vanquished Creatures (others)
  7 toadstools (D:1)
7 creatures vanquished.

Grand Total: 97 creatures vanquished

Notes
Turn   | Place    | Note
-------+----------+-------------------------------------------
     0 | D:1      | Nattfarinn the Kobold Enchanter began the quest for the
                  | Orb.
     0 | D:1      | Reached XP level 1. HP: 10/10 MP: 3/3
   397 | D:1      | Reached XP level 2. HP: 15/15 MP: 5/5
  1038 | D:2      | Reached skill level 5 in Stealth
  1090 | D:2      | Reached XP level 3. HP: 19/19 MP: 6/6
  1264 | D:2      | Noticed Terence
  1295 | D:2      | Learned a level 2 spell: Ensorcelled Hibernation
  1371 | D:2      | Noticed Jessica
  1382 | D:2      | Killed Jessica
  1383 | D:2      | Reached skill level 6 in Stealth
  1383 | D:2      | Reached XP level 4. HP: 24/24 MP: 4/7
  1901 | D:2      | Killed Terence
  1990 | D:2      | Found a shimmering blue altar of Sif Muna.
  2022 | D:2      | Reached XP level 5. HP: 28/28 MP: 5/8
  2498 | D:3      | Found a glowing drain.
  2557 | Sewer    | Entered a sewer
  2590 | Sewer    | Reached skill level 7 in Stealth
  2790 | Sewer    | HP: 1/28 [river rat (5)]
  3132 | Sewer    | Reached XP level 6. HP: 27/32 MP: 2/9
  3768 | Sewer    | Slain by a bullfrog

Illustrated notes

Levels and vault maps discovered:
D:1:      nagdon_arrival_double_spiral, layout_loops_cross,
          chequers_hall_statues_wall_a
D:2:      layout_basic, old_standard_altar, uniq_jessica, uniq_terence
D:3:      layout_basic, nemelex_altar_shiori, nzn_hepliaklqana_mist_gate,
          lightli_temple_of_fire, gup_sewer_entry_bowl,
          gammafunk_ghost_necromancy, grunt_dithmenos_smoke
Sewer:    sewer_minmay_w

Skill      XL: |  1  2  3  4  5 |
---------------+----------------+-----
Stealth        | 5 6 7 |  7.8
Hexes          | 4 |  4.4
Short Blades   | |  1.3
Dodging        | |  2.4
Spellcasting   | |  2.1

Action                   |  1- 3 |  4- 6 || total
-------------------------+-------+-------++-------
Melee: Dagger            |    58 |   156 ||   214
 Cast: Corona            |    10 |     3 ||    13
       Ensorcelled Hiber |     1 |    42 ||    43
  Use: Scroll            |     1 |     1 ||     2
       Potion            |       |     4 ||     4
 Stab: Sleeping          |    19 |    44 ||    63
       Distracted        |       |     3 ||     3
Armor: Robe              |    17 |    25 ||    42
Dodge: Dodged            |    45 |   150 ||   195

Table legend: (Time is in decaauts)
 A = Elapsed time spent in this place.
 B = Non-inter-level travel time spent in this place.
 C = Inter-level travel time spent in this place.
 D = Time resting spent in this place.
 E = Time spent auto-exploring this place.
 F = Levels seen in this place.
 G = Mean time per level.
                   A        B        C        D        E       F      G
               +--------+--------+--------+--------+--------+-----+--------+
         Total |   3908 |   3842 |     66 |   1035 |   2036 |   4 |  977.0 |
       Dungeon |   2591 |   2525 |     66 |    375 |   1723 |   3 |  863.7 |
         Sewer |   1316 |   1316 |      0 |    660 |    312 |   1 | 1316.0 |
               +--------+--------+--------+--------+--------+-----+--------+

Top non-repeatable levels by time:
     D:2: 1413 daAuts
   Sewer: 1316 daAuts
     D:1: 1004 daAuts
     D:3: 173 daAuts
